 Dungeon Sprint DCSS version 0.25-a0-458-g6fc7858 (webtiles) character file.

Game seed: 902379843088277952, levelgen mode: deterministic

110 Joshtr2000 the Fighter (level 4, -4/57 HPs)
             Began as an Ogre Berserker on Feb 2, 2020.
             Was a Follower of Trog.
             Slain by Sigmund
             ... wielding a +1 scythe of freezing
              (10 damage)
             ... in the Dungeon (Sprint I: "Red Sonja").
             The game lasted 00:00:57 (118 turns).

Joshtr2000 the Fighter (Ogre Berserker)              Turns: 118, Time: 00:00:58

Health: -4/57      AC:  3    Str: 22    XL:     4   Next: 91%
Magic:  4/4        EV: 11    Int:  8    God:    Trog [*.....]
Gold:   0          SH:  0    Dex:  8    Spells: 3/3 levels left

rFire    . . .     SeeInvis .   j - +0 giant club
rCold    . . .     Gourm    .   (shield currently unavailable)
rNeg     . . .     Faith    .   b - +0 animal skin
rPois    .         Spirit   .   (helmet restricted)
rElec    .         Reflect  .   (no cloak)
rCorr    .         Harm     .   (gloves unavailable)
MR       .....     NoTele   +   (boots unavailable)
Stlth    +.........             (no amulet)
HPRegen  0.19/turn              (no ring)
MPRegen  0.09/turn              (no ring)

@: no status effects
A: large, unfitting armour, tough skin 1
a: Berserk, Renounce Religion


You were in the Dungeon.
You worshipped Trog.
Trog was aware of your devotion.
You were not hungry.

You visited 1 branch

Inventory:

Hand Weapons
 a - a +0 mace
 j - a +0 giant club (weapon)
Armour
 b - a +0 animal skin (worn)
Scrolls
 i - a scroll of blinking
Potions
 d - a potion of curing
 e - a potion of heal wounds
 f - a potion of haste
 g - 2 potions of magic
 h - a potion of berserk rage
Comestibles
 c - a ration


   Skills:
 + Level 8.2 Fighting
 + Level 5.6 Maces & Flails
 + Level 5.3 Dodging


You had 3 spell levels left.
You didn't know any spells.
Your spell library was empty.

Dungeon Overview and Level Annotations

Branches:
Dungeon (1/1)

Altars:

Annotations:
D Sigmund


Innate Abilities, Weirdness & Mutations

You are too large for most types of armour.
You have tough skin. (AC +1)


Message History

There is an open door here.
Something hits you. Something freezes you.
You bump into the rock wall.
Something hits you.
* * * LOW HITPOINT WARNING * * *
Something freezes you.
* * * LOW HITPOINT WARNING * * *
Something hits you!
* * * LOW HITPOINT WARNING * * *
Something freezes you.
* * * LOW HITPOINT WARNING * * *
You feel less confused. Something hits you but does no damage.
There is an open door here.
You barely miss something. You miss something. Something hits you.
* * * LOW HITPOINT WARNING * * *
Something freezes you.
* * * LOW HITPOINT WARNING * * *
You miss something. Something hits you!
You die...

########## ##
#<.#..@{.#..+
#..').#..'..#
#..#####+####
#..# #..#
#..# #⌠⌠#
####


There were no monsters in sight!

Vanquished Creatures
  An ogre (D)
  Ijyb (D)
2 creatures vanquished.

Notes
Turn   | Place    | Note
-------+----------+-------------------------------------------
     0 | D        | Joshtr2000 the Ogre Berserker began the quest for the Orb.
     0 | D        | Reached XP level 1. HP: 24/24 MP: 1/1
     1 | D        | Noticed Ijyb
     8 | D        | Killed Ijyb
     8 | D        | Reached skill level 6 in Fighting
     8 | D        | Reached XP level 2. HP: 36/36 MP: 2/2
     8 | D        | Reached XP level 3. HP: 44/44 MP: 3/3
    44 | D        | Noticed an ogre
    50 | D        | Killed an ogre
    50 | D        | Reached skill level 8 in Fighting
    50 | D        | Reached skill level 5 in Maces & Flails
    50 | D        | Reached skill level 5 in Dodging
    50 | D        | Reached XP level 4. HP: 57/57 MP: 4/4
    93 | D        | Noticed Sigmund
   118 | D        | Slain by Sigmund

Levels and vault maps discovered:
D:        dungeon_sprint_1 [red_sonja_temple_1, red_sonja_temple_small_1]

Skill      XL: |  1  2  3 |
---------------+----------+-----
Fighting       | 6 8 |  8.2
Maces & Flails | 4 5 |  5.6
Dodging        | 3 5 |  5.3

Action                   |  1- 3 |  4- 6 || total
-------------------------+-------+-------++-------
Melee: Mace              |     9 |       ||     9
       Giant club        |       |     8 ||     8
Invok: Berserk           |     2 |       ||     2
Armor: Animal skin       |       |     1 ||     1
Dodge: Dodged            |     3 |     1 ||     4

Table legend:
 A = Non-vault XP
 B = Vault XP
 C = Vault XP percentage of total XP
 D = Non-vault monster count
 E = Vault monster count
 F = Vault count percentage of total count
                 A         B        C        D         E       F
            +---------+---------+-------+---------+---------+-------
      Total |       0 |     158 | 100.0 |       0 |       2 | 100.0
            +---------+---------+-------+---------+---------+-------
          D |       0 |     158 | 100.0 |       0 |       2 | 100.0
            +---------+---------+-------+---------+---------+-------
